 Dungeon Crawl Stone Soup version 0.29-a0-219-g0a02b1cf4f (webtiles) character file.

Game seed: 18191655318884852845

1201 freelancePsychic the Cutter (level 8, -5/65 HPs)
             Began as a Formicid Monk on Feb 25, 2022.
             Slain by a centaur
             ... wielding a +0 mace
              (8 damage)
             ... on level 6 of the Dungeon.
             The game lasted 00:08:36 (6729 turns).

freelancePsychic the Cutter (Formicid Monk)         Turns: 6729, Time: 00:08:37

Health: -5/65      AC:  5    Str: 15    XL:     8   Next: 72%
Magic:  8/8        EV: 11    Int: 11    God:
Gold:   197        SH:  0    Dex: 15    Spells: 3/7 levels left

rFire   . . .      SeeInvis +   i - +2 short sword (venom)
rCold   . . .      Faith    .   (no shield)
rNeg    . . .      Spirit   .   q - +0 ring mail
rPois   .          Reflect  .   (helmet unavailable)
rElec   .          Harm     .   (no cloak)
rCorr   .          Rampage  .   (no gloves)
Will    .....                   (no boots)
Stlth   +.........              (no amulet)
HPRegen 0.20/turn               (no ring)
MPRegen 0.11/turn               (no ring)

@: no status effects
A: permanent stasis, dig shafts and tunnels, antennae 3, four strong arms
a: Dig, Shaft Self


You were on level 6 of the Dungeon.
You visited 1 branch of the dungeon, and saw 6 of its levels.

You collected 197 gold pieces.

Inventory:

Hand Weapons
 a - a +0 hand axe
 c - a +0 hunting sling
 i - a +2 short sword of venom (weapon)
Missiles
 y - a throwing net
Armour
 b - a +0 robe
 q - a +0 ring mail (worn)
Wands
 d - a wand of acid (9)
 p - a wand of charming (8)
Scrolls
 e - 3 scrolls of fear
 t - a scroll of enchant weapon
 x - a scroll of magic mapping
Potions
 f - 3 potions of heal wounds {unknown}
 g - a potion of mutation {unknown}
 h - 2 potions of cancellation {unknown}
 j - a potion of lignification {unknown}
 k - a potion of attraction
 m - 2 potions of curing {unknown}
 n - 2 potions of flight {unknown}
 s - a potion of haste {unknown}
 u - a potion of berserk rage {unknown}
 v - a potion of ambrosia {unknown}
 w - a potion of resistance {unknown}
 z - a potion of magic {unknown}


   Skills:
 + Level 6.8 Fighting
 + Level 7.1 Short Blades
 - Level 3.0 Axes
 - Level 1.7 Slings
 - Level 2.6 Dodging
 - Level 2.4 Stealth
 * Level 3.9 Poison Magic


You had 3 spell levels left.
You knew the following spells:

 Your Spells              Type           Power      Damage    Failure   Level
a - Olgreb's Toxic Radia  Pois           8%         N/A       80%         4

Your spell library contained the following spells:

 Spells                   Type           Power      Damage    Failure   Level
 Sting                    Tmut/Pois      16%        1d3       32%         1
 Poisonous Vapours        Pois/Air       8%         N/A       43%         2
 Spider Form              Tmut/Pois      4%         N/A       67%         3
 Ensorcelled Hibernation  Hex/Ice        0%         N/A       71%         2
 Ozocubu's Armour         Ice            0%         N/A       91%         3
 Anguish                  Hex/Necr       0%         N/A       100%        4
 Manifold Assault         Tloc           0%         N/A       100%        5
 Summon Forest            Summ/Tloc      0%         N/A       100%        5
 Eringya's Noxious Bog    Tmut/Pois      2%         N/A       100%        6
 Ozocubu's Refrigeration  Ice            0%         4d5       100%        7
 Storm Form               Tmut/Air       0%         N/A       100%        7
 Summon Hydra             Summ           0%         N/A       100%        7
 Blink                    Tloc           Unusable   N/A       N/A         2

Dungeon Overview and Level Annotations

Branches:
Dungeon (6/15)
 Temple: D:4-7

Altars:


Innate Abilities, Weirdness & Mutations

You cannot be hasted, slowed, berserked, paralysed or teleported.
You can dig through walls and to a lower floor.
You have a pair of large antennae on your head. (SInv)
Your four strong arms can wield two-handed weapons with a shield.


Message History

a +0 giant club; an ogre corpse
Things that are here:
a +0 giant club; an ogre corpse Key pressed, stopping explore.
You now have 197 gold pieces (gained 6).
Found a stone staircase leading down.
f - 3 metallic red potions (gained 1)
A centaur comes into view.
It is wielding a +0 mace and carrying a wand of iceblast (12).
The centaur moves out of view.
Things that are here:
a +0 flail; a +0 club; a gnoll skeleton
As you read the scroll of identify {@r1}, it crumbles to dust.
k - a potion of attraction
As you read the scroll of identify {@r1}, it crumbles to dust.
l - a scroll of blinking
Okay, then.
As you read the scroll labelled BAJOZO MAHITU, it crumbles to dust.
You feel a strange sense of stasis.
It was a scroll of teleportation.
You drop a scroll of teleportation {@r4}.
You drop a scroll of blinking.
The centaur shouts!
The centaur unwields a +0 mace.
The centaur wields a +0 shortbow.
The centaur shoots an arrow.
The arrow hits you.
The centaur zaps a wand.
The mass of ice explodes!
The iceblast engulfs you!
The centaur shoots an arrow.
The arrow hits you!
The centaur shoots an arrow.
The arrow hits you!
The centaur shoots an arrow.
The arrow barely misses you.
The centaur zaps a wand.
The mass of ice explodes!
The iceblast engulfs you!
* * * LOW HITPOINT WARNING * * *
The centaur unwields a +0 shortbow.
The centaur wields a +0 mace.
The centaur hits you with a +0 mace.
* * * LOW HITPOINT WARNING * * *
The centaur completely misses you. The centaur hits you with a +0 mace!
* * * LOW HITPOINT WARNING * * *
The centaur barely misses you.
You hit the centaur but do no damage.
The centaur is poisoned.
The centaur hits you with a +0 mace!
You die...

##.## ##.## #.... #...#
##.#.# ... ##.###. ...
###.## ## #.# #....###.
#.# #.#.#.#.#
####.##### #....#..#
#.c@.....# #.#.###.#
#.##.###.# #.......#
#.##.# #.# ###.#####
##.##.# #.# #.###
#.....# #.# #.#.##
####...####.#####....##
+............?..)......
###......##.####.#...##
#.........# #.###.##


You could see a centaur (very poisoned).

Vanquished Creatures
  A black bear (D:3)
  A sky beast (D:6)
  4 ogres
  A bullfrog (D:6)
  4 scorpions
  A hound (D:6)
  Jessica (D:1)
  Terence (D:3)
  2 iguanas (D:5)
  Natasha (D:2)
  An orc wizard (D:5)
  7 gnolls
  4 adders
  2 worms
  5 dart slugs
  5 orcs
  4 ball pythons
  7 endoplasms
  5 giant cockroaches
  15 goblins
  5 hobgoblins
  6 kobolds
  4 quokkas
  5 bats
  3 frilled lizards (D:1)
  5 rats
100 creatures vanquished.

Notes
Turn   | Place    | Note
-------+----------+-------------------------------------------
     0 | D:1      | freelancePsychic the Formicid Monk began the quest for the
                  | Orb.
     0 | D:1      | Reached XP level 1. HP: 18/18 MP: 1/1
   263 | D:1      | Reached skill level 1 in Slings
   263 | D:1      | Reached XP level 2. HP: 24/24 MP: 2/2
   500 | D:1      | Reached XP level 3. HP: 20/30 MP: 3/3
   863 | D:1      | Reached skill level 1 in Short Blades
  1076 | D:2      | Noticed Jessica
  1084 | D:1      | Killed Jessica
  1085 | D:1      | Reached skill level 2 in Short Blades
  1085 | D:1      | Reached XP level 4. HP: 28/37 MP: 4/4
  1705 | D:2      | Found a faded altar of an unknown god.
  1881 | D:2      | Reached XP level 5. HP: 40/42 MP: 5/5
  2420 | D:1      | Reached skill level 3 in Short Blades
  2936 | D:3      | Noticed Terence
  2946 | D:3      | Killed Terence
  3034 | D:3      | Noticed a black bear
  3044 | D:3      | Killed a black bear
  3045 | D:3      | Reached skill level 5 in Fighting
  3045 | D:3      | Reached skill level 4 in Short Blades
  3045 | D:3      | Reached XP level 6. HP: 25/51 MP: 6/6
  3279 | D:3      | Noticed Natasha
  3311 | D:3      | HP: 1/51 [Natasha/puff of flame (7)]
  3695 | D:2      | Killed Natasha
  4083 | D:3      | You fall into a shaft and drop 1 floor!
  4328 | D:4      | Noticed an ogre
  4361 | D:4      | Killed an ogre
  4362 | D:4      | Reached skill level 5 in Short Blades
  4362 | D:4      | Reached XP level 7. HP: 22/56 MP: 7/7
  4688 | D:5      | Entered Level 5 of the Dungeon
  5182 | D:5      | Reached skill level 6 in Short Blades
  5601 | D:5      | Reached XP level 8. HP: 54/64 MP: 8/8
  6122 | D:5      | Learned a level 4 spell: Olgreb's Toxic Radiance
  6136 | D:6      | Reached skill level 1 in Poison Magic
  6283 | D:6      | Reached skill level 7 in Short Blades
  6728 | D:6      | HP: 3/65 [centaur/+0 mace (11)]
  6729 | D:6      | Slain by a centaur

Illustrated notes

Levels and vault maps discovered:
D:1:      matt_arrival_debris, layout_loops_ring
D:2:      layout_basic, hellmonk_ecumenical_altar_leap_of_faith, uniq_jessica
D:3:      layout_basic, uniq_natasha, uniq_terence
D:4:      layout_layer_cave, minmay_ogre_servants
D:5:      layout_basic
D:6:      layout_loops_corners, nicolae_wooded_promenade

Skill      XL: |  1  2  3  4  5  6  7  8 |
---------------+-------------------------+-----
Slings         | 1 |  1.7
Short Blades   | 2 4 5 6 7 |  7.1
Fighting       | 4 5 6 |  6.8
Poison Magic   | 3 |  3.9
Axes           | |  3.0
Dodging        | |  2.6
Stealth        | |  2.4

Action                   |  1- 3 |  4- 6 |  7- 9 || total
-------------------------+-------+-------+-------++-------
Melee: Hand axe          |     2 |       |       ||     2
       Short sword       |    23 |   135 |   123 ||   281
       Punch             |       |     2 |       ||     2
 Fire: Hunting sling     |    46 |       |       ||    46
 Abil: Dig               |     1 |       |       ||     1
Evoke: Wand              |       |     1 |       ||     1
  Use: Scroll            |       |     6 |     3 ||     9
 Stab: Sleeping          |     4 |     3 |       ||     7
Armor: Robe              |     6 |     6 |       ||    12
       Ring mail         |       |    14 |    29 ||    43
Dodge: Dodged            |    40 |    77 |    47 ||   164

Table legend: (Time is in decaauts)
 A = Elapsed time spent in this place.
 B = Non-inter-level travel time spent in this place.
 C = Inter-level travel time spent in this place.
 D = Time resting spent in this place.
 E = Time spent auto-exploring this place.
 F = Levels seen in this place.
 G = Mean time per level.
                   A        B        C        D        E       F      G
               +--------+--------+--------+--------+--------+-----+--------+
         Total |   6726 |   6570 |    156 |   1357 |   4256 |   6 | 1121.0 |
       Dungeon |   6726 |   6570 |    156 |   1357 |   4256 |   6 | 1121.0 |
               +--------+--------+--------+--------+--------+-----+--------+

Top non-repeatable levels by time:
     D:2: 1554 daAuts
     D:1: 1506 daAuts
     D:5: 1423 daAuts
     D:3: 1049 daAuts
     D:4: 600 daAuts
     D:6: 591 daAuts
